 Dungeon Crawl Stone Soup version 0.23-a0-143-g1adec7b (webtiles) character file.

100 Inarius the Bolt Thrower (level 5, -1/31 HPs)
             Began as a Kobold Hunter on Sept 2, 2018.
             Slain by Robin
             ... wielding a +0 falchion
              (4 damage)
             ... on level 1 of the Dungeon.
             The game lasted 00:05:52 (2494 turns).

Inarius the Bolt Thrower (Kobold Hunter)            Turns: 2494, Time: 00:05:53

Health: -1/31      AC:  6    Str:  9    XL:     5   Next: 3%
Magic:  5/5        EV: 13    Int: 13    God:
Gold:   84         SH:  0    Dex: 16    Spells: 4/4 levels left

rFire    . . .     SeeInvis .   b - +0 short sword
rCold    . . .     Gourm    .   (shield restricted)
rNeg     . . .     Faith    .   e - +0 ring mail
rPois    .         Spirit   .   (no helmet)
rElec    .         Reflect  .   (no cloak)
rCorr    .         Harm     .   l - +0 pair of gloves
MR       .....                  (no boots)
Stlth    +.........             (no amulet)
HPRegen  0.10/turn              (no ring)
MPRegen  0.09/turn              (no ring)

@: no status effects
A: small, carnivore
a: no special abilities


You were on level 1 of the Dungeon.
You were very full.

You visited 1 branch of the dungeon, and saw 2 of its levels.

You collected 84 gold pieces.

Inventory:

Hand Weapons
 a - a +1 hand crossbow
 b - a +0 short sword (weapon)
Missiles
 d - 15 bolts
Armour
 c - a +0 leather armour
 e - a +0 ring mail (worn)
 l - a +0 pair of gloves (worn)
Wands
 g - a wand of digging (10)
Scrolls
 i - a scroll of amnesia {unknown}
 j - a scroll of identify {unknown}
 m - a scroll of blinking {unknown}
Potions
 h - 2 potions of curing {unknown}
Comestibles
 f - 4 rations
 k - 4 chunks of flesh


   Skills:
 + Level 2.7 Fighting
 + Level 2.7 Short Blades
 + Level 5.9 Crossbows
 + Level 0.7 Armour
 + Level 2.8 Dodging
 + Level 1.6 Stealth


You had 4 spell levels left.
You didn't know any spells.
Your spell library was empty.

Dungeon Overview and Level Annotations

Branches:
Dungeon (2/15)

Altars:

Annotations:
D:1 Robin
D:2 1 runed door


Innate Abilities, Weirdness & Mutations

You are small and have problems with some larger weapons.
You are carnivorous and can eat meat at any time.


Message History

Robin barely misses you.
You barely miss Robin.
Robin is almost dead.
Robin hits you with a falchion.
* * * LOW HITPOINT WARNING * * *
You barely miss Robin.
Robin is almost dead.
Robin hits you with a falchion.
* * * LOW HITPOINT WARNING * * *
Unknown command.
Firing (i - inventory) No suitable missiles.
Press: ? - help, Shift-Dir - straight line, f - Robin
Aim: Robin, wielding a falchion, wearing an animal skin and wearing a helmet
Okay, then.
Unknown command.
Unknown command.
You hit Robin but do no damage.
Robin is almost dead.
Robin hits you with a falchion.
You die...

#.##.#.#.##.#........##....#
#.##.#...##.#........##....#
#.##.##..##.#........##....#
#.##.##..##.#..............#
#.##.##..##.#..............#
######.##.###.......###.........#
(......##.# #..#.#### #.......###
.......##.####.#.# #.......#
............##..@# #.......#
......#.....###.g# ###########
......#.....# #).#### #...).
......#.....###)>)..# #.....
......#....)........########.....
#######.....####....##...........
#.....# #....##...........
#.....# #....##...........
####### #.................


You could see Robin.

Vanquished Creatures
  Jessica (D:2)
  A gnoll (D:1)
  2 worms (D:2)
  3 dart slugs (D:1)
  A leopard gecko (D:1)
  3 giant cockroaches
  6 goblins
  9 hobgoblins
  6 jackals
  2 kobolds (D:1)
  5 bats
  3 frilled lizards
  7 rats
49 creatures vanquished.

Notes
Turn   | Place    | Note
-------+----------+-------------------------------------------
     0 | D:1      | Inarius the Kobold Hunter began the quest for the Orb.
     0 | D:1      | Reached XP level 1. HP: 12/12 MP: 1/1
    29 | D:1      | Reached skill level 5 in Crossbows
   166 | D:1      | Reached XP level 2. HP: 17/17 MP: 2/2
   509 | D:1      | Reached XP level 3. HP: 21/21 MP: 3/3
   819 | D:1      | Reached skill level 1 in Short Blades
  1103 | D:2      | Found a runed door.
  1277 | D:2      | Noticed Jessica
  1295 | D:2      | Killed Jessica
  1295 | D:2      | Reached XP level 4. HP: 12/27 MP: 4/4
  2208 | D:2      | Noticed Robin
  2450 | D:1      | Reached XP level 5. HP: 31/31 MP: 5/5
  2494 | D:1      | Slain by Robin

Vault maps used:
D:1:      saegor_arrival_simple_a
D:2:      lemuel_doored_altar, first_ration, st_stairs_13,
          uniq_crazy_yiuf_cottage, uniq_jessica, uniq_robin

Skill      XL: |  1  2  3 |
---------------+----------+-----
Crossbows      | 5 |  5.9
Short Blades   | 2 |  2.7
Fighting       | |  2.7
Armour         | |  0.7
Dodging        | |  2.8
Stealth        | |  1.6

Action                   |  1- 3 |  4- 6 || total
-------------------------+-------+-------++-------
Melee: Short sword       |   106 |   100 ||   206
 Fire: Hand crossbow     |    15 |     8 ||    23
  Eat: Chunk             |    10 |     3 ||    13
Armor: Leather armour    |     2 |       ||     2
       Ring mail         |    36 |    37 ||    73
Dodge: Dodged            |    76 |    90 ||   166

Table legend:
 A = Non-vault XP
 B = Vault XP
 C = Vault XP percentage of total XP
 D = Non-vault monster count
 E = Vault monster count
 F = Vault count percentage of total count
                 A         B        C        D         E       F
            +---------+---------+-------+---------+---------+-------
      Total |      90 |      54 |  37.5 |      39 |      10 |  20.4
            +---------+---------+-------+---------+---------+-------
        D:1 |      59 |      12 |  16.9 |      25 |       6 |  19.4
        D:2 |      31 |      42 |  57.5 |      14 |       4 |  22.2
            +---------+---------+-------+---------+---------+-------
